 Dungeon Crawl Stone Soup version 0.30-a0-862-g1aabd4f9c5 (webtiles) character file.

Game seed: 3460043296100063776

93 MacCMillion the Chopper (level 4, 0/38 HPs)
             Began as a Ghoul Gladiator on Mar 9, 2023.
             Slain by a gnoll
             ... wielding a +0 spear
              (4 damage)
             ... on level 2 of the Dungeon.
             The game lasted 00:02:40 (1410 turns).

MacCMillion the Chopper (Ghoul Gladiator)           Turns: 1410, Time: 00:02:41

Health: 0/38       AC:  4    Str: 19    XL:     4   Next: 61%
Magic:  3/3        EV: 12    Int:  3    God:
Gold:   113        SH:  0    Dex: 10    Spells: 3/3 levels left

rFire   . . .      SeeInvis .    a - +0 war axe
rCold   + . .      Faith    .    (no shield)
rNeg    + + +      Spirit   .    b - +0 leather armour
rPois   ∞          Reflect  .    c - +0 helmet
rElec   .          Rampage  .    (no cloak)
rCorr   .                        (no gloves)
Will    .....                    (no boots)
Stlth   +                        (no amulet)
HPRegen 0.00/turn                (no ring)
MPRegen 0.08/turn                (no ring)

@: inhibited regen
A: claws 1, cold resistance 1, negative energy resistance 3, inhibited
regeneration, torment resistance 2, devour on kill
a: no special abilities


You were on level 2 of the Dungeon.
You visited 1 branch of the dungeon, and saw 2 of its levels.

You collected 113 gold pieces.

Inventory:

Hand Weapons
 a - a +0 war axe (weapon)
Missiles
 d - 3 throwing nets (quivered)
 e - a javelin
Armour
 b - a +0 leather armour (worn)
 c - a +0 helmet (worn)
Jewellery
 l - a +6 ring of dexterity
 m - an amulet of magic regeneration
Scrolls
 g - a scroll of identify {unknown}
 h - 2 scrolls of enchant armour {unknown}
 i - a scroll of immolation {unknown}
 j - a scroll of fear {unknown}
Potions
 f - a potion of berserk rage {unknown}
 k - a potion of degeneration {unknown}
 n - a potion of invisibility {unknown}
 o - 3 potions of curing {unknown}


   Skills:
 + Level 3.4 Fighting
 * Level 4.2 Axes
 - Level 1.7 Throwing
 - Level 2.6 Dodging


You had 3 spell levels left.
You didn't know any spells.
Your spell library was empty.

Dungeon Overview and Level Annotations

Branches:
Dungeon (2/15)

Altars:
Cheibriados


Innate Abilities, Weirdness & Mutations

You are immune to poison.
You have sharp fingernails.
Your flesh is cold resistant. (rC+)
You are immune to negative energy. (rN+++)
You do not regenerate when monsters are visible.
You are immune to unholy pain and torment.
You thrive by killing the living.


Message History

The gnoll shouts!
You hear a shout!
The dart slug launches a dart at you. The slug dart misses you.
The gnoll hits you but does no damage. x2
You hit the gnoll.
The gnoll is lightly wounded.
A gnoll comes into view. It is wielding a +0 flail.
The gnoll closely misses you.
You slash the gnoll!
The gnoll is severely wounded.
The gnoll hits you with a +0 spear.
You closely miss the gnoll.
The gnoll is severely wounded.
The gnoll barely misses you.
The frilled lizard hisses angrily.
The gnoll attacks as you move away! The gnoll misses you.
The frilled lizard attacks as you move away!
The frilled lizard bites you.
You barely miss the frilled lizard. The frilled lizard misses you.
You closely miss the frilled lizard. The frilled lizard closely misses you.
You closely miss the frilled lizard. The frilled lizard closely misses you.
The gnoll hits you from afar with a +0 spear.
The frilled lizard misses you.
You are too injured to fight recklessly!
You are too injured to fight recklessly!
You slash the frilled lizard!
You kill the frilled lizard!
The gnoll hits you from afar with a +0 spear.
The gnoll hits you from afar with a +0 spear.
* * * LOW HITPOINT WARNING * * *
The gnoll closely misses you.
The gnoll hits you from afar with a +0 spear.
* * * LOW HITPOINT WARNING * * *
You barely miss the gnoll. The gnoll closely misses you. The gnoll misses you.
The gnoll hits you from afar with a +0 spear.
* * * LOW HITPOINT WARNING * * *
You hit the gnoll.
The gnoll is moderately wounded.
The gnoll barely misses you.
The gnoll hits you from afar with a +0 spear.
You die...

.............#####.._..#
.......................#
...........####.##.....####
.>.........# #....).......
#...##...#.# #####.#######
#.#####.##.# #.# #.# ###
#.# #.# #.########.# #.#
.......@...# #.#
......#g###### #.#
......ggg.g.w# #..
.####..w..g.g.....
........###.####. ...#
#.####.#... ... .... ##.#
##...... ###
.......##........
...#.....#......#


You could see 4 gnolls and a dart slug.

Vanquished Creatures
  3 adders (D:2)
  4 worms (D:2)
  5 endoplasms
  A giant cockroach (D:2)
  6 goblins
  3 hobgoblins
  2 jackals (D:1)
  4 quokkas
  5 ball pythons
  2 bats
  3 frilled lizards
  8 kobolds
  7 rats
53 creatures vanquished.

Notes
Turn   | Place    | Note
-------+----------+-------------------------------------------
     0 | D:1      | MacCMillion the Ghoul Gladiator began the quest for the
                  | Orb.
     0 | D:1      | Reached XP level 1. HP: 17/17 MP: 0/0
   218 | D:1      | Reached skill level 3 in Axes
   218 | D:1      | Reached XP level 2. HP: 25/25 MP: 1/1
   429 | D:1      | Found a faded altar of an unknown god.
   535 | D:1      | Reached XP level 3. HP: 30/30 MP: 2/2
  1149 | D:2      | Reached XP level 4. HP: 38/38 MP: 3/3
  1265 | D:2      | Reached skill level 4 in Axes
  1357 | D:2      | Found a snail-covered altar of Cheibriados.
  1410 | D:2      | Slain by a gnoll

Illustrated notes

Levels and vault maps discovered:
D:1:      eino_arrival_water_star, layout_basic, basic_ecumenical_altar,
          st_stairs_14
D:2:      layout_loops_ring, basic_altar, serial_shops, nicolae_lakefront_shop,
          minmay_rat_gold_closets

Skill      XL: |  1  2  3  4 |
---------------+-------------+-----
Axes           | 3 4 |  4.2
Fighting       | 3 |  3.4
Throwing       | |  1.7
Dodging        | |  2.6

Action                     |  1- 3 |  4- 6 || total
---------------------------+-------+-------++-------
  Melee: War axe           |    97 |    44 ||   141
         Punch             |     2 |       ||     2
   Stab: Sleeping          |     1 |       ||     1
 Armour: Leather armour    |    30 |    13 ||    43
  Dodge: Dodged            |    53 |    23 ||    76

Table legend: (Time is in decaauts)
 A = Elapsed time spent in this place.
 B = Non-inter-level travel time spent in this place.
 C = Inter-level travel time spent in this place.
 D = Time resting spent in this place.
 E = Time spent auto-exploring this place.
 F = Levels seen in this place.
 G = Mean time per level.
                   A        B        C        D        E       F      G
               +--------+--------+--------+--------+--------+-----+--------+
         Total |   1457 |   1420 |     37 |    139 |    921 |   2 |  728.5 |
       Dungeon |   1457 |   1420 |     37 |    139 |    921 |   2 |  728.5 |
               +--------+--------+--------+--------+--------+-----+--------+

Top non-repeatable levels by time:
     D:1: 870 daAuts
     D:2: 587 daAuts
